 Dungeon Crawl Stone Soup version 0.27-a0-1122-g2a214b436d (webtiles) character file.

Game seed: 1777841815011529955

45 Palkar the Digger (level 3, -4/19 HPs)
             Began as a Gargoyle Earth Elementalist on May 3, 2021.
             Slain by a wyvern (16 damage)
             ... on level 3 of the Dungeon.
             The game lasted 00:04:12 (2243 turns).

Palkar the Digger (Gargoyle Earth Elementalist)     Turns: 2243, Time: 00:04:12

Health: -4/19      AC:  8    Str: 11    XL:     3   Next: 64%
Magic:  7/7        EV: 11    Int: 16    God:
Gold:   87         SH:  0    Dex: 10    Spells: 3/7 levels left

rFire    . . .     SeeInvis .   f - +2 dagger (vamp)
rCold    . . .     Faith    .   (no shield)
rNeg     + . .     Spirit   .   c - +0 robe
rPois    ∞         Reflect  .   (no helmet)
rElec    +         Harm     .   (no cloak)
rCorr    .         Rampage  .   i - +2 pair of gloves
Will     .....                  (no boots)
Stlth    ++........             (no amulet)
HPRegen  0.06/turn              (no ring)
MPRegen  0.10/turn              (no ring)

@: no status effects
A: AC +3, negative energy resistance 1, electricity resistance, torment
resistance 1, unbreathing 1, petrification resistance
a: no special abilities


You were on level 3 of the Dungeon.
You visited 1 branch of the dungeon, and saw 3 of its levels.

You collected 87 gold pieces.

Inventory:

Hand Weapons
 d - a +0 club
 f - a +2 vampiric dagger (weapon)
Missiles
 b - 105 stones
Armour
 c - a +0 robe (worn)
 i - a +2 pair of gloves (worn)
Scrolls
 j - a scroll of amnesia
 m - 2 scrolls of enchant armour
Potions
 a - a potion of curing {unknown}
 e - a potion of attraction {unknown}
 g - a potion of flight {unknown}
 h - a potion of might {unknown}
 k - a potion of lignification {unknown}


   Skills:
 - Level 1.5 Dodging
 - Level 2.1 Stealth
 + Level 2.8 Spellcasting
 + Level 0.8 Conjurations
 - Level 0.7 Transmutations
 + Level 4.5 Earth Magic


You had 3 spell levels left.
You knew the following spells:

 Your Spells              Type           Power      Damage    Failure   Level
a - Sandblast             Erth           32%        2d9       3%          1
b - Stone Arrow           Conj/Erth      20%        3d8       19%         3

Your spell library contained the following spells:

 Spells                   Type           Power      Damage    Failure   Level
 Passwall                 Tmut/Erth      8%         N/A       10%         2
 Beastly Appendage        Tmut           8%         N/A       14%         1
 Wereblood                Tmut           4%         N/A       22%         2
 Spider Form              Tmut/Pois      1%         N/A       45%         3
 Petrify                  Tmut/Erth      10%        N/A       54%         4
 Lee's Rapid Deconstruct  Erth           8%         3d8*      63%         5
 Ice Form                 Ice/Tmut       3%         N/A       86%         4
 Hydra Form               Tmut           2%         N/A       98%         5


Dungeon Overview and Level Annotations

Branches:
Dungeon (3/15)

Altars:

Annotations:
D:3 Terence


Innate Abilities, Weirdness & Mutations

Your stone body is resilient. (AC +3)
You are immune to poison.
You resist negative energy. (rN+)
You are resistant to electric shocks. (rElec)
You are resistant to unholy torment.
You can survive without breathing.
You are immune to petrification.


Message History

You hit the hobgoblin.
You feel better.
The hobgoblin is almost dead.
The hobgoblin hits you but does no damage.
You barely miss the hobgoblin.
The hobgoblin is almost dead.
The hobgoblin hits you but does no damage.
You closely miss the hobgoblin.
The hobgoblin is almost dead.
The hobgoblin barely misses you.
You barely miss the hobgoblin.
The hobgoblin is almost dead.
The hobgoblin barely misses you.
You hit the hobgoblin.
You kill the hobgoblin!
No target in view!
No target in view!
A giant cockroach comes into view.
Things that are here:
a golden potion; a hobgoblin corpse
k - a golden potion You hit the giant cockroach.
You kill the giant cockroach!
No target in view!
No target in view!
No target in view!
You see here a giant cockroach corpse.
You now have 81 gold pieces (gained 5).
You now have 87 gold pieces (gained 6).
Found a leather armour.
Found a stone staircase leading down.
A kobold comes into view. It is wielding a +0 whip.
A wyvern comes into view.
The kobold shouts!
You hit the kobold but do no damage. The kobold closely misses you.
You miss the kobold. The kobold hits you but does no damage.
You hit the wyvern but do no damage. The wyvern bites you!
The kobold barely misses you. The wyvern closely misses you.
You hit the wyvern but do no damage. The wyvern bites you!
Ouch! That really hurt!
You die...

,,,,,,,,,,,,,,,,*
,,,,,,,,,.......*
,,,,,,,,,.......*
,,,,,,,,,.......*
,,,,,,,,,.......*
,,,,,,,,,.......###
,,,,,**,*.........#
,,,,***,*......l..#
*******,*.......@K#
***,,*.........#
****,,,*,.........#
,,,,,,,,,........>#
*,_,...**.........#
#..,...##.........#
.,#.,#..#########.##
#**..##...........[#
..#,....###...######


You could see a wyvern and a kobold.

Vanquished Creatures
  An adder (D:3)
  2 worms (D:2)
  An orc (D:3)
  5 bats
  4 endoplasms
  A giant cockroach (D:3)
  3 goblins
  2 hobgoblins
  A quokka (D:1)
  4 ball pythons
  2 kobolds
  A rat (D:3)
27 creatures vanquished.

Notes
Turn   | Place    | Note
-------+----------+-------------------------------------------
     0 | D:1      | Palkar the Gargoyle Earth Elementalist began the quest for
                  | the Orb.
     0 | D:1      | Reached XP level 1. HP: 10/10 MP: 3/3
   543 | D:1      | Found a faded altar of an unknown god.
   681 | D:1      | Reached skill level 4 in Earth Magic
   681 | D:1      | Reached XP level 2. HP: 12/15 MP: 5/5
  1467 | D:2      | Reached XP level 3. HP: 12/19 MP: 6/6
  1469 | D:2      | Learned a level 1 spell: Beastly Appendage
  1473 | D:2      | Learned a level 3 spell: Stone Arrow
  2028 | D:3      | Noticed Terence
  2238 | D:3      | Noticed a wyvern
  2243 | D:3      | Slain by a wyvern

Illustrated notes

Levels and vault maps discovered:
D:1:      dpeg_arrival_central, layout_basic, ebering_ecumenical_altar_abandoned
D:2:      layout_basic
D:3:      layout_rooms, overflow_temple_1_default, uniq_robin, uniq_terence

Skill      XL: |  1 |
---------------+----+-----
Earth Magic    | 4 |  4.5
Dodging        | |  1.5
Stealth        | |  2.1
Spellcasting   | |  2.8
Conjurations   | |  0.8
Transmutations | |  0.7

Action                   || total
-------------------------++-------
Melee: Club              ||     8
       Dagger            ||   111
 Cast: Sandblast         ||    13
  Use: Scroll            ||     6
Armor: Robe              ||    36
Dodge: Dodged            ||    81

Table legend: (Time is in decaauts)
 A = Elapsed time spent in this place.
 B = Non-inter-level travel time spent in this place.
 C = Inter-level travel time spent in this place.
 D = Time resting spent in this place.
 E = Time spent auto-exploring this place.
 F = Levels seen in this place.
 G = Mean time per level.
                   A        B        C        D        E       F      G
               +--------+--------+--------+--------+--------+-----+--------+
         Total |   2244 |   2199 |     45 |    177 |   1639 |   3 |  748.0 |
       Dungeon |   2244 |   2199 |     45 |    177 |   1639 |   3 |  748.0 |
               +--------+--------+--------+--------+--------+-----+--------+

Top non-repeatable levels by time:
     D:2: 1001 daAuts
     D:1: 976 daAuts
     D:3: 267 daAuts
